[Event "Titled Tuesday Blitz May 2 Early 2023"]
[White "Xie, Bryan"]
[Black "Perez Gormaz, Matias"]
[WhiteFideId "30941296"]
[BlackFideId "3406342"]
[WhiteElo "2033"]
[BlackElo "2362"]
[Result "1-0"]
[Round "02"]
[TimeControl "180+2"]
[Date "2023.05.02"]
[WhiteClock "0:00:05"]
[BlackClock "0:00:04"]

1. d4 Nf6 2. Nf3 d5 3. Bf4 e6 4. e3 c5 5. c3 Nc6 6. Nbd2 Bd6 7. Bg3 O-O 8. Bd3 b6 9. e4 Be7 10. e5 Nd7 11. O-O cxd4 12. cxd4 Nb4 13. Bb1 Ba6 14. Re1 Nd3 15. Re3 N3c5 16. dxc5 bxc5 17. Qc2 g6 18. b3 Rb8 19. Re1 Bb5 20. h3 a5 21. a4 Bc6 22. Qd3 Rb4 23. Bc2 Qb8 24. Rac1 Rc8 25. Bd1 Bf8 26. Nf1 Bh6 27. N3d2 Rd4 28. Qc2 Qb4 29. Re2 Rb8 30. Qc3 Qb6 31. Ne3 Bg7 32. Nf3 Re4 33. Bc2 d4 34. Qc4 Qb7 35. Bxe4 Bxe4 36. Nf1 Bd5 37. Qd3 h6 38. N1d2 Qa8 39. Rb1 Rb4 40. Nc4 Qa6 41. Nfd2 h5 42. Qc2 Bh6 43. Ree1 Qb7 44. Red1 Bxg2 45. Qd3 Bxh3 46. Ne4 Bf5 47. Ncd6 Qd5 48. Nxf5 gxf5 49. Nf6+ Nxf6 50. exf6 f4 51. Bh4 f3 52. Kh2 e5 53. Rg1+ Kf8 54. Qf5 Bf4+ 55. Kh3 Ke8 56. Rg8# 1-0


[Site "https://www.chess.com"]

[Event "Titled Tuesday Blitz May 2 Early 2023"]
[White "Levitskiy, Andrey"]
[Black "Van Foreest, Machteld"]
[WhiteFideId "14132885"]
[BlackFideId "1051563"]
[WhiteElo "2341"]
[BlackElo "2018"]
[Result "1-0"]
[Round "02"]
[TimeControl "180+2"]
[Date "2023.05.02"]
[WhiteClock "0:00:00"]
[BlackClock "0:00:00"]

1. e4 c5 2. Nf3 e6 3. d4 cxd4 4. Nxd4 Nf6 5. Nc3 Nc6 6. Ndb5 Bc5 7. Bf4 O-O 8. Bc7 Qe7 9. Bd6 Bxd6 10. Qxd6 Qd8 11. O-O-O a6 12. Nd4 Ne7 13. f3 b5 14. g4 Bb7 15. h4 Rc8 16. h5 Ne8 17. Qg3 Qa5 18. Nb3 Qb6 19. Qg1 Qxg1 20. Rxg1 d5 21. Bd3 Nd6 22. e5 Nc4 23. Bxc4 dxc4 24. Nd4 b4 25. Nce2 Nd5 26. c3 a5 27. f4 Rfd8 28. f5 Ne3 29. Rd2 Rd5 30. fxe6 fxe6 31. Nxe6 Rxe5 32. N2f4 Re8 33. Rd7 Bf3 34. Rg3 Bxg4 35. Rxg7+ Kh8 36. R7xg4 Nxg4 37. Rxg4 R8xe6 38. Nxe6 Rxe6 39. Rxc4 bxc3 40. Rxc3 Re5 41. h6 Kg8 42. Rc7 Rh5 43. Rg7+ Kh8 44. Ra7 Kg8 45. a4 Rc5+ 46. Kd2 Rd5+ 47. Kc3 Rh5 48. b3 Rh3+ 49. Kc4 Rh4+ 50. Kb5 Rb4+ 51. Kxa5 Rxb3 52. Rg7+ Kh8 53. Rc7 Kg8 54. Rg7+ Kh8 55. Rc7 Kg8 56. Ka6 Rh3 57. Rc6 Kf7 58. a5 Rg3 59. Kb7 Rb3+ 60. Rb6 Ra3 61. a6 Ra2 62. a7 1-0


[Site "https://www.chess.com"]

[Event "Titled Tuesday Blitz May 2 Early 2023"]
[White "Bogaudinov, Rushan"]
[Black "Goldin, Alexander"]
[WhiteFideId "4129288"]
[BlackFideId "2019540"]
[WhiteElo "1967"]
[BlackElo "2542"]
[Result "1-0"]
[Round "02"]
[TimeControl "180+2"]
[Date "2023.05.02"]
[WhiteClock "0:00:04"]
[BlackClock "0:00:01"]

1. d4 d5 2. Nf3 Nf6 3. g3 c6 4. Bg2 Bf5 5. O-O h6 6. c4 e6 7. Nc3 Nbd7 8. b3 Be7 9. Bb2 O-O 10. Ne5 a5 11. Nxd7 Qxd7 12. Na4 Qc7 13. c5 e5 14. dxe5 Nd7 15. Qd4 f6 16. exf6 Bxf6 17. Qd2 Bxb2 18. Qxb2 Rae8 19. e3 Be4 20. a3 Ne5 21. Nc3 Nf3+ 22. Kh1 Qe5 23. Ra2 Qh5 24. h3 Bf5 25. Bxf3 Qxf3+ 26. Kh2 Bd3 27. Rd1 Rf5 28. Rxd3 Rh5 29. Qe2 Rxh3+ 30. Kxh3 Qh1+ 31. Kg4 h5+ 32. Kg5 Re5+ 33. Kf4 Re6 34. e4 Qh3 35. Ke3 Qf5 36. f3 Qf6 37. Kf2 d4 38. Nd1 h4 39. Qf1 Qe5 40. Qh3 Rf6 41. Rad2 Qxe4 42. Kg2 Qe5 43. Qxh4 Qxc5 44. Qxd4 Qh5 45. Qh4 Qe5 46. Qc4+ Rf7 47. Qe4 1-0


[Site "https://www.chess.com"]

[Event "Titled Tuesday Blitz May 2 Early 2023"]
[White "Florescu, Codrut-Constantin"]
[Black "Fernandez Garcia, Gumersindo"]
[WhiteFideId "1202200"]
[BlackFideId "24516740"]
[WhiteElo "2191"]
[BlackElo "2093"]
[Result "0-1"]
[Round "02"]
[TimeControl "180+2"]
[Date "2023.05.02"]
[WhiteClock "0:00:23"]
[BlackClock "0:00:13"]

1. e4 c5 2. Nf3 g6 3. d4 cxd4 4. c3 Bg7 5. cxd4 d5 6. e5 Nc6 7. Nc3 Nh6 8. h3 O-O 9. g4 f6 10. exf6 exf6 11. Be3 Nf7 12. Bg2 f5 13. g5 Be6 14. h4 Nd6 15. Bf4 Ne4 16. O-O Qb6 17. Na4 Qb4 18. a3 Qb5 19. Re1 Rfe8 20. Bf1 Qa5 21. b4 Qd8 22. Nc5 Bc8 23. Rc1 a6 24. Bg2 Qe7 25. Re3 Qf7 26. Rd3 Be6 27. Ne1 Nxc5 28. bxc5 Qd7 29. Nc2 Bf7 30. Rb1 Re7 31. Bd6 Re4 32. Bxe4 fxe4 33. Rdb3 Na5 34. Rg3 Bf8 35. Bxf8 Rxf8 36. Ne3 Be6 37. Qd2 Nc6 38. Qb2 Rf7 39. Qd2 Qc8 40. Rf1 Qf8 41. Kg2 Qg7 42. Nc2 Bf5 43. Qe3 Be6 44. f3 exf3+ 45. Rgxf3 Bf5 46. Rxf5 gxf5 47. Qf4 Qf8 48. h5 Qe7 49. Rf2 Qe4+ 50. Kg3 Qd3+ 51. Kh4 Re7 52. Qxf5 Re4+ 53. Rf4 Rxf4+ 54. Qxf4 Qxc2 55. g6 Qe4 56. Kg5 Qxf4+ 57. Kxf4 hxg6 58. hxg6 Nxd4 59. Ke5 Nc2 60. Kxd5 Nxa3 61. c6 bxc6+ 62. Kxc6 Nb5 63. Kb6 Nc7 64. Kxc7 a5 65. Kd6 a4 66. Ke6 a3 67. Kf6 a2 68. Kg5 a1=Q 69. Kh6 Qh1+ 70. Kg5 Kg7 0-1


[Site "https://www.chess.com"]

[Event "Titled Tuesday Blitz May 2 Early 2023"]
[White "Mushini Ajay"]
[Black "Aldokhin, Ivan"]
[WhiteFideId "35066188"]
[BlackFideId "24115720"]
[WhiteElo "2145"]
[BlackElo "2322"]
[Result "0-1"]
[Round "02"]
[TimeControl "180+2"]
[Date "2023.05.02"]
[WhiteClock "0:00:00"]
[BlackClock "0:00:00"]

1. e4 c5 2. Nf3 e6 3. d4 cxd4 4. Nxd4 a6 5. Nc3 Qc7 6. Bd3 Nf6 7. Qe2 Bd6 8. f4 Bxf4 9. Bxf4 Qxf4 10. Nf3 Nc6 11. O-O Ng4 12. g3 Qe3+ 13. Qxe3 Nxe3 14. Rfe1 Ng4 15. e5 f5 16. Na4 b5 17. Nb6 Rb8 18. Nxc8 Rxc8 19. a4 Nb4 20. axb5 Nxd3 21. cxd3 axb5 22. h3 Nh6 23. Rac1 Ke7 24. Nd4 Nf7 25. Nf3 g5 26. Kf2 h6 27. g4 f4 28. d4 Rc4 29. Rxc4 bxc4 30. Rc1 Rb8 31. Rc2 d5 32. exd6+ Kxd6 33. Nd2 Kd5 34. Nxc4 Rb4 35. Ne5 Nd6 0-1


[Site "https://www.chess.com"]

[Event "Titled Tuesday Blitz May 2 Early 2023"]
[White "Prohaszka, Peter"]
[Black "Mogirzan, Matei-Valeriu"]
[WhiteFideId "726265"]
[BlackFideId "1257455"]
[WhiteElo "2626"]
[BlackElo "1733"]
[Result "1-0"]
[Round "02"]
[TimeControl "180+2"]
[Date "2023.05.02"]
[WhiteClock "0:00:05"]
[BlackClock "0:00:01"]

1. d4 Nf6 2. c4 Nc6 3. Nf3 g6 4. d5 Nb8 5. Nc3 d6 6. e4 Bg4 7. Be2 Bxf3 8. Bxf3 Bg7 9. O-O Nfd7 10. Qc2 O-O 11. Bg5 a5 12. Rae1 Na6 13. h4 h6 14. Bc1 e5 15. h5 g5 16. Bg4 Nf6 17. Qe2 Nxg4 18. Qxg4 Qc8 19. Qf5 Nc5 20. Rd1 Qxf5 21. exf5 e4 22. Nb5 Rac8 23. Be3 Nd3 24. b3 Be5 25. f3 Nb4 26. f4 gxf4 27. Bxf4 Bxf4 28. Rxf4 Rfe8 29. Re1 Nd3 30. Rg4+ Kh7 31. Rexe4 Rxe4 32. Rxe4 Ne5 33. c5 Kg7 34. cxd6 cxd6 35. Nxd6 Rc1+ 36. Kh2 Kf6 37. Rf4 Kg5 38. g3 Kxh5 39. Ne4 Ng4+ 40. Kh3 Rh1+ 41. Kg2 Rh2+ 42. Kg1 Rxa2 43. d6 Ra1+ 44. Kg2 Ra2+ 45. Kf1 Ne3+ 46. Kg1 Ra1+ 47. Kf2 Nc2 48. Rh4# 1-0


[Site "https://www.chess.com"]

[Event "Titled Tuesday Blitz May 2 Early 2023"]
[White "Nasir, Zehn"]
[Black "Rodrigues, Bruno Morado"]
[WhiteFideId "2613239"]
[BlackFideId "2115654"]
[WhiteElo "1993"]
[BlackElo "2040"]
[Result "0-1"]
[Round "02"]
[TimeControl "180+2"]
[Date "2023.05.02"]
[WhiteClock "0:00:00"]
[BlackClock "0:00:00"]

1. d4 d5 2. Bf4 Nf6 3. e3 Bf5 4. c4 e6 5. Nc3 Bd6 6. Bg3 O-O 7. Nf3 Nc6 8. c5 Bxg3 9. hxg3 Re8 10. Bb5 Nb4 11. Bxe8 Nc2+ 12. Ke2 Qxe8 13. Rc1 Nb4 14. Ne5 Nd7 15. a3 Nxe5 16. axb4 Nd3 17. Ra1 Nxb2 18. Qb3 Nc4 19. Rhe1 c6 20. b5 e5 21. Rad1 Bg4+ 22. f3 exd4 23. fxg4 dxc3 24. Qxc3 Qe6 25. Rd4 Re8 26. Kf2 cxb5 27. e4 Qf6+ 28. Kg1 dxe4 29. Rexe4 Rxe4 30. Rxe4 h6 31. Qxf6 gxf6 32. Re7 Na5 33. Re8+ Kg7 34. Ra8 a6 35. c6 Nxc6 36. Rc8 b4 37. Re8 b3 38. Kf2 b2 39. Re1 a5 40. Rb1 Nb4 41. Ke3 Nd5+ 42. Ke4 Nc3+ 43. Kd3 Nxb1 44. Kc2 Nc3 0-1


[Site "https://www.chess.com"]

[Event "Titled Tuesday Blitz May 2 Early 2023"]
[White "Allahverdiyeva, Ayan"]
[Black "Rakotomaharo, Fy Antenaina"]
[WhiteFideId "13412590"]
[BlackFideId "13100050"]
[WhiteElo "1980"]
[BlackElo "2427"]
[Result "0-1"]
[Round "02"]
[TimeControl "180+2"]
[Date "2023.05.02"]
[WhiteClock "0:00:09"]
[BlackClock "0:01:03"]

1. e4 g6 2. d4 Bg7 3. Nc3 d6 4. Nf3 Nf6 5. Be3 O-O 6. Qd2 Nc6 7. O-O-O Bg4 8. h3 Bxf3 9. gxf3 e5 10. Ne2 d5 11. Bg2 Re8 12. dxe5 Nxe5 13. Bd4 Nc4 14. Qc3 c5 15. Bxc5 Nxe4 16. Qxc4 dxc4 17. Rxd8 Nxc5 18. Rxe8+ Rxe8 19. Nc3 Bxc3 20. bxc3 Na4 21. Rd1 Nxc3 22. Rd7 b5 23. f4 Re1+ 24. Kd2 Rd1+ 25. Kxc3 Rxd7 26. Bc6 Rd6 27. Bxb5 Rf6 28. Bxc4 Rxf4 29. Bd5 Rxf2 30. Kd3 Kf8 31. c4 Ke7 32. c5 g5 33. Be4 f5 0-1


[Site "https://www.chess.com"]

[Event "Titled Tuesday Blitz May 2 Early 2023"]
[White "Kohler, Aran"]
[Black "Sakun, Volodymyr"]
[WhiteFideId "1002856"]
[BlackFideId "14114062"]
[WhiteElo "2010"]
[BlackElo "2318"]
[Result "0-1"]
[Round "02"]
[TimeControl "180+2"]
[Date "2023.05.02"]
[WhiteClock "0:00:15"]
[BlackClock "0:00:44"]

1. d4 Nf6 2. c3 g6 3. Bg5 Bg7 4. Nd2 d5 5. e3 c5 6. Bd3 Nbd7 7. f4 b6 8. Ngf3 Bb7 9. Ne5 O-O 10. Qf3 Ne8 11. Qh3 Nxe5 12. fxe5 f6 13. exf6 exf6 14. Bh6 Qc8 15. Qh4 Qe6 16. O-O-O Nd6 17. Bxg7 Kxg7 18. Rde1 Ne4 19. Nxe4 dxe4 20. Bb1 cxd4 21. exd4 f5 22. Qf2 f4 23. Qc2 e3 24. Rhg1 Rae8 25. Qb3 Qxb3 26. axb3 g5 27. h3 h5 28. Bd3 g4 29. hxg4 hxg4 30. Be2 g3 31. Bg4 Rh8 32. Re2 Rh2 33. Kd1 Kf6 34. Bh3 Rxh3 35. gxh3 Kf5 36. Ke1 Ke4 37. Rc2 Rg8 38. h4 f3 39. Kd1 f2 40. Rf1 g2 41. Rcxf2 exf2 0-1


[Site "https://www.chess.com"]

[Event "Titled Tuesday Blitz May 2 Early 2023"]
[White "Riff, Vincent"]
[Black "Singh, Arvinder Preet"]
[WhiteFideId "617776"]
[BlackFideId "5013240"]
[WhiteElo "2369"]
[BlackElo "2124"]
[Result "1-0"]
[Round "02"]
[TimeControl "180+2"]
[Date "2023.05.02"]
[WhiteClock "0:00:00"]
[BlackClock "0:00:00"]

1. e4 c5 2. Nf3 d6 3. d4 cxd4 4. Qxd4 Nc6 5. Bb5 Bd7 6. Bxc6 bxc6 7. c4 e5 8. Qd3 Nf6 9. Nc3 Be7 10. O-O O-O 11. b3 h6 12. Ba3 Be6 13. Rfd1 Qa5 14. Bb2 Rfd8 15. h3 Qc7 16. Rac1 Nh5 17. Nd5 Bxd5 18. cxd5 Nf4 19. Qe3 c5 20. b4 c4 21. Nd4 Bg5 22. Nc6 Nxd5 23. exd5 Bxe3 24. fxe3 Rdc8 25. Rxc4 Qd7 26. Rdc1 f5 27. b5 Kh7 28. a4 Qb7 29. Ba3 a6 30. Na5 Rxc4 31. Nxb7 Rxc1+ 32. Bxc1 axb5 33. a5 b4 34. Kf2 b3 35. Ke2 Rc8 36. Kd1 Rc2 37. Nxd6 Ra2 38. Nc4 Kg8 39. Ba3 Kf7 40. a6 b2 41. Kc2 b1=Q+ 42. Kxb1 Rxg2 43. a7 Rg1+ 44. Ka2 Rg2+ 45. Bb2 Rg6 46. Nxe5+ Kf6 47. Nxg6+ Kxg6 48. a8=Q 1-0


[Site "https://www.chess.com"]

[Event "Titled Tuesday Blitz May 2 Early 2023"]
[White "Kiselev, Pavel"]
[Black "Djokic, Mihailo"]
[WhiteFideId "4191102"]
[BlackFideId "976440"]
[WhiteElo "2145"]
[BlackElo "2294"]
[Result "1-0"]
[Round "02"]
[TimeControl "180+2"]
[Date "2023.05.02"]
[WhiteClock "0:00:14"]
[BlackClock "0:00:17"]

1. Nf3 Nf6 2. c4 g6 3. Nc3 Bg7 4. d4 d6 5. e4 O-O 6. h3 Na6 7. Bd3 e5 8. d5 Nc5 9. Bc2 a5 10. O-O Nh5 11. Be3 Nf4 12. Re1 f5 13. exf5 Bxf5 14. Bxf5 Rxf5 15. Bxc5 dxc5 16. Ne4 Qf8 17. Re3 Bh6 18. Ra3 b6 19. Ng3 Rf6 20. Nxe5 Qe8 21. Ng4 Bg7 22. Nxf6+ Bxf6 23. Rf3 g5 24. Qe1 Bxb2 25. Rb1 Bd4 26. Nf5 Qf8 27. Nxd4 cxd4 28. Qe5 Qg7 29. Qxg7+ Kxg7 30. g3 Ne2+ 31. Kf1 Nc3 32. Rb2 Re8 33. Rd3 Re4 34. f3 Re3 35. Rxe3 dxe3 36. Rc2 Nd1 37. Ke2 Nf2 38. Kxe3 Nxh3 39. Rh2 g4 40. fxg4 Ng5 41. Kf4 Nf7 42. Re2 Kf8 43. Re6 Nd6 44. Rxd6 cxd6 45. Kf5 Ke7 46. g5 Kf7 47. g4 Ke7 48. g6 h6 49. a4 Kf8 50. Kf6 Kg8 51. g7 Kh7 52. Kf7 h5 53. g8=Q+ 1-0


[Site "https://www.chess.com"]

[Event "Titled Tuesday Blitz May 2 Early 2023"]
[White "Filgueira, Hernan"]
[Black "Jimenez Fernandez, Rebeca"]
[WhiteFideId "101770"]
[BlackFideId "32070934"]
[WhiteElo "2363"]
[BlackElo "2008"]
[Result "0-1"]
[Round "02"]
[TimeControl "180+2"]
[Date "2023.05.02"]
[WhiteClock "0:00:00"]
[BlackClock "0:00:00"]

1. c4 e5 2. Nc3 Nc6 3. Nf3 d6 4. d4 exd4 5. Nxd4 Nf6 6. g3 g6 7. Bg2 Nxd4 8. Qxd4 Bg7 9. Qe3+ Be6 10. Bxb7 O-O 11. Bxa8 Qxa8 12. f3 Re8 13. Qd3 Bf5 14. e4 Nxe4 15. O-O Nxc3 16. Qd1 Ne2+ 17. Kg2 Nxc1 18. Rxc1 Bxb2 19. Qd2 Bg7 20. Rce1 Rb8 21. Rf2 Qc6 22. Rfe2 h6 23. Qe3 Qxc4 24. Qxa7 Rb5 25. Qa8+ Kh7 26. Qe8 Re5 27. Rxe5 dxe5 28. Qd8 Qxa2+ 29. Kg1 Bh3 0-1


[Site "https://www.chess.com"]

[Event "Titled Tuesday Blitz May 2 Early 2023"]
[White "Arkell, Keith C"]
[Black "Wimalasuriya, Kasun M."]
[WhiteFideId "400270"]
[BlackFideId "9906789"]
[WhiteElo "2319"]
[BlackElo "1781"]
[Result "1-0"]
[Round "02"]
[TimeControl "180+2"]
[Date "2023.05.02"]
[WhiteClock "0:00:17"]
[BlackClock "0:00:09"]

1. d4 Nf6 2. Nf3 g6 3. c4 Bg7 4. g3 O-O 5. Bg2 c6 6. O-O d5 7. Nbd2 Bf5 8. b3 Ne4 9. Bb2 c5 10. cxd5 Qxd5 11. Nh4 cxd4 12. Nxf5 gxf5 13. Qc2 Nc6 14. Nxe4 fxe4 15. Qxe4 Qxe4 16. Bxe4 Rfd8 17. Rac1 Rac8 18. Rfd1 e5 19. a3 Bh6 20. Rc2 Na5 21. b4 Nc4 22. Bxb7 Rc7 23. Ba6 Ne3 24. Rxc7 Nxd1 25. Ba1 Rd6 26. Bd3 Rf6 27. f3 Be3+ 28. Kg2 Nf2 29. Bc4 e4 30. f4 h5 31. Rd7 Ng4 32. Bxd4 Bxd4 33. Rxd4 Rc6 34. Bd5 Rc2 35. Rxe4 Rd2 36. Bc4 Kf8 37. h3 Nf6 38. Re5 h4 39. gxh4 Rc2 40. Bd3 Rc3 41. Ra5 Rc7 42. Kf3 Kg7 43. h5 Re7 44. Ra6 Ng8 45. h6+ Nxh6 46. b5 Ng8 47. a4 Nf6 48. a5 Nd5 49. Rd6 Nb4 50. Be4 Rc7 51. h4 Rc3+ 52. Kg4 Ra3 53. h5 Rxa5 54. h6+ Kf8 55. Rd8+ Ke7 56. h7 Kxd8 57. h8=Q+ Kc7 58. Qc3+ Kb6 59. Qxb4 Rxb5 60. Qd6+ 1-0


[Site "https://www.chess.com"]

[Event "Titled Tuesday Blitz May 2 Early 2023"]
[White "Garv Gaur"]
[Black "Deac, Bogdan-Daniel"]
[WhiteFideId "45030839"]
[BlackFideId "1226380"]
[WhiteElo "2068"]
[BlackElo "2649"]
[Result "0-1"]
[Round "02"]
[TimeControl "180+2"]
[Date "2023.05.02"]
[WhiteClock "0:00:18"]
[BlackClock "0:00:55"]

1. d4 f5 2. g3 g6 3. Bg2 Nf6 4. c3 Bg7 5. Qb3 c6 6. Nh3 e6 7. Nf4 O-O 8. h4 Re8 9. O-O d6 10. Nd2 d5 11. Nf3 Nbd7 12. c4 Ne4 13. Be3 Nb6 14. c5 Nc4 15. Bc1 b6 16. cxb6 axb6 17. Qc2 c5 18. Rd1 Bb7 19. dxc5 bxc5 20. Ng5 Nxg5 21. hxg5 Qb6 22. Rxd5 Na3 23. bxa3 Bxa1 24. Rd7 Bxg2 25. Kxg2 Qc6+ 0-1


[Site "https://www.chess.com"]

[Event "Titled Tuesday Blitz May 2 Early 2023"]
[White "Rodriguez, Santiago"]
[Black "Jacobson, Brandon"]
[WhiteFideId "3000591"]
[BlackFideId "30901561"]
[WhiteElo "2249"]
[BlackElo "2459"]
[Result "1-0"]
[Round "02"]
[TimeControl "180+2"]
[Date "2023.05.02"]
[WhiteClock "0:00:00"]
[BlackClock "0:00:01"]

1. d4 g6 2. e4 Bg7 3. Nc3 c6 4. Be3 d5 5. e5 Nh6 6. f4 O-O 7. Nf3 f6 8. Qd2 Bg4 9. Be2 Nf5 10. Bf2 Bh6 11. h3 Bxf3 12. Bxf3 fxe5 13. dxe5 Nd7 14. Bxd5+ cxd5 15. Qxd5+ Kh8 16. g4 Bxf4 17. gxf5 Rxf5 18. Bd4 e6 19. Qxe6 Bxe5 20. O-O-O Qe8 21. Qxd7 Qxd7 22. Bxe5+ Rxe5 23. Rxd7 b5 24. Rf1 b4 25. Nd5 Rh5 26. Rff7 1-0


[Site "https://www.chess.com"]

[Event "Titled Tuesday Blitz May 2 Early 2023"]
[White "Dardha, Daniel"]
[Black "Bilan, Danila"]
[WhiteFideId "240990"]
[BlackFideId "24161918"]
[WhiteElo "2581"]
[BlackElo "2182"]
[Result "1-0"]
[Round "02"]
[TimeControl "180+2"]
[Date "2023.05.02"]
[WhiteClock "0:01:10"]
[BlackClock "0:00:02"]

1. d4 d5 2. Qd3 Nf6 3. c4 c6 4. Nf3 g6 5. Bf4 Bg7 6. e3 O-O 7. Be2 Bf5 8. Qb3 Qb6 9. Nc3 dxc4 10. Bxc4 Nbd7 11. O-O c5 12. d5 Qxb3 13. axb3 Nb6 14. Nd2 Nxc4 15. bxc4 Bd3 16. Rfc1 Nd7 17. e4 f5 18. exf5 Rxf5 19. Be3 a6 20. Ra3 Ne5 21. Na4 Be2 22. Nxc5 b6 23. Na4 Nd3 24. Rb1 Raf8 25. f3 b5 26. Nc5 b4 27. Rxd3 Bxd3 28. Nxd3 a5 29. Ra1 Ra8 30. Ra4 g5 31. h3 Kf7 32. g4 Rf6 33. Bxg5 Rfa6 34. b3 Bd4+ 35. Kg2 h5 36. Ne4 hxg4 37. hxg4 e6 38. d6 e5 39. d7 1-0


[Site "https://www.chess.com"]

[Event "Titled Tuesday Blitz May 2 Early 2023"]
[White "Rodshtein, Maxim"]
[Black "Gulkov, Igor A."]
[WhiteFideId "2806851"]
[BlackFideId "4120973"]
[WhiteElo "2555"]
[BlackElo "2343"]
[Result "1-0"]
[Round "02"]
[TimeControl "180+2"]
[Date "2023.05.02"]
[WhiteClock "0:00:58"]
[BlackClock "0:01:40"]

1. d4 Nf6 2. Nf3 g6 3. Bf4 Bg7 4. e3 O-O 5. c3 d6 6. h3 c5 7. dxc5 dxc5 8. Nbd2 Nc6 9. Be2 b6 10. O-O Bb7 11. Qc2 Nd5 12. Bh2 e5 13. Rfd1 Qe7 14. a4 Rad8 15. Bb5 f6 16. e4 Nc7 17. Nc4 Rxd1+ 18. Rxd1 Rd8 19. Ra1 Bh6 20. Nfd2 Kg7 21. Nf1 Na8 22. a5 Qc7 23. axb6 axb6 24. Nfe3 Ne7 25. Ng4 Bg5 26. Ncxe5 1-0


[Site "https://www.chess.com"]

[Event "Titled Tuesday Blitz May 2 Early 2023"]
[White "Shukhman, Anna"]
[Black "Indjic, Aleksandar"]
[WhiteFideId "54180058"]
[BlackFideId "911925"]
[WhiteElo "2125"]
[BlackElo "2614"]
[Result "0-1"]
[Round "02"]
[TimeControl "180+2"]
[Date "2023.05.02"]
[WhiteClock "0:00:00"]
[BlackClock "0:00:00"]

1. e4 e5 2. Nf3 Nc6 3. Bb5 a6 4. Ba4 Bc5 5. O-O d6 6. c3 Bd7 7. d4 Ba7 8. dxe5 Nxe5 9. Nxe5 dxe5 10. Bxd7+ Qxd7 11. Qb3 Qc6 12. Bg5 Nf6 13. Bxf6 gxf6 14. Nd2 Rg8 15. Rad1 f5 16. Qd5 Qxd5 17. exd5 O-O-O 18. Nc4 f6 19. Ne3 Rg5 20. c4 f4 21. Nc2 f3 22. g3 e4 23. Nd4 Rdg8 24. b4 h5 25. h4 Re5 26. Rfe1 f5 27. Kh2 Rge8 28. c5 Rxd5 29. Nc2 Rxd1 30. Rxd1 b6 31. Rd5 bxc5 32. bxc5 Rd8 33. Rxd8+ Kxd8 34. Nd4 Kd7 35. Nxf5 Bxc5 36. g4 Bxf2 37. gxh5 Ke6 38. h6 Kxf5 39. h7 Bd4 0-1


[Site "https://www.chess.com"]

[Event "Titled Tuesday Blitz May 2 Early 2023"]
[White "Hua, Lefong"]
[Black "Melikhov, Evgeny V."]
[WhiteFideId "2602253"]
[BlackFideId "4122046"]
[WhiteElo "2305"]
[BlackElo "2158"]
[Result "1-0"]
[Round "02"]
[TimeControl "180+2"]
[Date "2023.05.02"]
[WhiteClock "0:00:00"]
[BlackClock "0:00:00"]

1. d4 Nf6 2. c4 e5 3. dxe5 Ng4 4. Bf4 Bb4+ 5. Nd2 Nc6 6. Nf3 Qe7 7. e3 Ngxe5 8. Nxe5 Nxe5 9. Be2 O-O 10. O-O Bxd2 11. Qxd2 d6 12. b4 b6 13. Qc3 c5 14. bxc5 bxc5 15. Rfd1 Bb7 16. Rab1 Bc6 17. Rd2 Rfd8 18. Bg3 Rd7 19. Qc2 h6 20. Rbd1 Rad8 21. h3 Qe6 22. Kh2 Qe7 23. Bf1 Qe6 24. a4 Qe7 25. a5 a6 26. Rb1 Rb7 27. Rb6 Rxb6 28. axb6 Bb7 29. Qb2 Nc6 30. Be2 Nb4 31. Qc1 a5 32. Qd1 d5 33. Bc7 Ra8 34. cxd5 a4 35. d6 Qd7 36. Bg4 f5 37. Bf3 Be4 38. Bxe4 fxe4 39. b7 Re8 40. b8=Q Rxb8 41. Bxb8 a3 42. Qb3+ Kh7 43. Qxa3 1-0


[Site "https://www.chess.com"]

[Event "Titled Tuesday Blitz May 2 Early 2023"]
[White "Bolourchifard, Farzad"]
[Black "Topalov, Aleksandar"]
[WhiteFideId "12510084"]
[BlackFideId "925659"]
[WhiteElo "2317"]
[BlackElo "2151"]
[Result "1/2-1/2"]
[Round "02"]
[TimeControl "180+2"]
[Date "2023.05.02"]
[WhiteClock "0:00:44"]
[BlackClock "0:00:54"]

1. e4 e6 2. d4 d5 3. exd5 exd5 4. Nf3 Bd6 5. c4 Nf6 6. Bg5 h6 7. Bh4 Be7 8. Nc3 dxc4 9. Bxc4 O-O 10. O-O Nbd7 11. Bb3 Nb6 12. Ne5 Nbd5 13. Re1 c6 14. Nxd5 Nxd5 15. Bxe7 Nxe7 16. Qh5 Be6 17. Bxe6 fxe6 18. Rad1 Qd5 19. b3 Rf5 20. Qg4 Raf8 21. f3 Rf4 22. Ng6 Nxg6 23. Qxg6 Rxd4 24. Rxd4 Qxd4+ 25. Kh1 Rf6 26. Qe8+ Kh7 27. h3 Qd5 28. Qb8 a5 29. Qxb7 Rxf3 30. gxf3 Qxf3+ 31. Kg1 Qg3+ 32. Kf1 Qf3+ 33. Kg1 Qg3+ 34. Kf1 Qf3+ 35. Kg1 1/2-1/2


[Site "https://www.chess.com"]

[Event "Titled Tuesday Blitz May 2 Early 2023"]
[White "Koellner, Ruben Gideon"]
[Black "Novikova, Galina"]
[WhiteFideId "12993093"]
[BlackFideId "4157095"]
[WhiteElo "2314"]
[BlackElo "1953"]
[Result "1-0"]
[Round "02"]
[TimeControl "180+2"]
[Date "2023.05.02"]
[WhiteClock "0:02:09"]
[BlackClock "0:00:01"]

1. d4 Nf6 2. Nf3 g6 3. Nbd2 Bg7 4. e4 d6 5. Bc4 O-O 6. O-O c6 7. Bb3 a5 8. a4 Nbd7 9. e5 Nd5 10. e6 fxe6 11. Ng5 N7f6 12. Re1 Kh8 13. Nxe6 Bxe6 14. Rxe6 Nf4 15. Re1 e5 16. dxe5 dxe5 17. Nf3 Qxd1 18. Rxd1 Rae8 19. Be3 N6d5 20. Bc5 Rf5 21. Re1 b6 22. Ba3 Nb4 23. Nd2 h6 24. Ne4 Rd8 25. Rad1 Rff8 26. c3 Nbd3 27. Bxf8 Bxf8 28. Re3 Re8 29. Rdxd3 Nxd3 30. Rxd3 c5 31. Bc4 Bg7 32. f3 g5 33. h3 Rb8 34. Rd6 Kh7 35. Kf1 Rf8 36. Rd7 Kh8 37. Ke2 Rb8 38. Bd5 1-0


[Site "https://www.chess.com"]

[Event "Titled Tuesday Blitz May 2 Early 2023"]
[White "Arnold, Ken"]
[Black "Wadsworth, Matthew J"]
[WhiteFideId "2056836"]
[BlackFideId "415804"]
[WhiteElo "2355"]
[BlackElo "2330"]
[Result "0-1"]
[Round "02"]
[TimeControl "180+2"]
[Date "2023.05.02"]
[WhiteClock "0:00:04"]
[BlackClock "0:00:46"]

1. d4 Nf6 2. c4 c5 3. d5 e6 4. Nc3 exd5 5. Nxd5 d6 6. Bg5 Be7 7. Nxe7 Qxe7 8. e3 h6 9. Bh4 g5 10. Bg3 Ne4 11. Bd3 Nxg3 12. hxg3 Nc6 13. Nf3 Be6 14. a3 O-O-O 15. Qa4 Kb8 16. b4 g4 17. Nd2 Ne5 18. Be2 d5 19. O-O h5 20. bxc5 h4 21. Rfb1 hxg3 22. fxg3 Bd7 23. Qb3 Bc6 24. cxd5 Rxd5 25. Nf1 f5 26. Rd1 Rxd1 27. Rxd1 Qh7 28. Kf2 Qh1 29. Qc3 Qxg2+ 30. Ke1 Re8 31. Rd4 Nf3+ 32. Kd1 Nxd4 33. Qxd4 Kc8 0-1


[Site "https://www.chess.com"]

[Event "Titled Tuesday Blitz May 2 Early 2023"]
[White "Semenenko, Dmytry"]
[Black "Skliarov, Viktor"]
[WhiteFideId "14118645"]
[BlackFideId "14106736"]
[WhiteElo "2113"]
[BlackElo "2317"]
[Result "0-1"]
[Round "02"]
[TimeControl "180+2"]
[Date "2023.05.02"]
[WhiteClock "0:00:00"]
[BlackClock "0:00:00"]

1. Nf3 g6 2. c4 Bg7 3. d4 Nf6 4. Nc3 O-O 5. e3 c6 6. Be2 d5 7. O-O Bg4 8. Ne5 Bxe2 9. Qxe2 Nbd7 10. f4 e6 11. b3 c5 12. Ba3 Re8 13. dxc5 Nxe5 14. fxe5 Ne4 15. Nxe4 dxe4 16. Bb2 Qc7 17. Qf2 Re7 18. Qf4 Qxc5 19. Qxe4 Rd8 20. Bd4 Qa5 21. a3 a6 22. b4 Qc7 23. Bc5 Red7 24. Bd6 Rxd6 25. exd6 Rxd6 26. Rad1 Rc6 27. c5 b6 28. Qd3 bxc5 29. Qd8+ Bf8 30. bxc5 Qxd8 31. Rxd8 Rxc5 32. Rd7 f5 33. Rb1 Rc8 34. a4 Bc5 35. Rbb7 Bxe3+ 36. Kf1 Bh6 37. Rxh7 Bf8 38. Rhc7 Rxc7 39. Rxc7 a5 40. Ra7 Bb4 41. Ke2 e5 42. Kd3 e4+ 43. Kd4 Kf8 44. Rb7 Kg8 45. Ke3 Bc3 46. Kf4 Kf8 47. Kg5 e3 48. Rb8+ Ke7 49. Rb7+ Kd8 50. Rb8+ Kd7 51. Rb7+ Kd6 52. Rb6+ Kd5 53. Rb8 e2 54. Re8 Be5 55. Rd8+ Ke4 56. Re8 e1=Q 57. Kxg6 Qe2 58. Kf7 Qxg2 59. Re7 Qxh2 60. Ke8 Qh8+ 61. Kd7 Qf6 62. Re6 Qxe6+ 63. Kxe6 f4 64. Kd7 Bc3 65. Kc6 Bb4 66. Kb5 f3 67. Kc4 f2 68. Kb5 f1=Q+ 0-1


[Site "https://www.chess.com"]